 Dungeon Crawl Stone Soup version 0.20-a0-494-gf50ee04 (webtiles) character file.

140 Eptagon the Sneak (level 5, 0/24 HPs)
             Began as a Spriggan Enchanter on Jan 17, 2017.
             Shot with an arrow by a centaur (5 damage)
             ... on level 5 of the Dungeon.
             The game lasted 00:10:38 (3847 turns).

Eptagon the Sneak (Spriggan Enchanter)              Turns: 3847, Time: 00:10:38

Health: 0/24       AC:  1    Str:  4    XL:     5   Next: 2%
Magic:  12/12      EV: 18    Int: 17    God:
Gold:   212        SH:  0    Dex: 17    Spells: 1/12 levels left

rFire    . . .     SeeInvis +   i - -1 dagger (curse)
rCold    . . .     Gourm    .   b - +1 robe
rNeg     . . .     Faith    .   (shield restricted)
rPois    .         Spirit   .   (helmet restricted)
rElec    .         Reflect  .   (no cloak)
rCorr    .         Harm     .   (gloves unavailable)
MR       .....                  (boots unavailable)
Stlth    +++.......             (no amulet)
Regen    0.1/turn               l - -2 ring of protection (curse)
                                m - ring of flight

@: very quick
A: unfitting armour, see invisible, herbivore 3, speed 3, slow metabolism 2
a: Evoke Flight


You were on level 5 of the Dungeon.
You were not hungry.

You visited 1 branch of the dungeon, and saw 4 of its levels.

You collected 212 gold pieces.

Inventory:

Hand Weapons
 a - a +1 dagger
 i - a cursed -1 dagger (weapon)
Missiles
 j - 6 tomahawks (quivered)
Armour
 b - a +1 robe (worn)
Jewellery
 l - a cursed -2 ring of protection (right hand)
 m - a ring of flight (left hand)
Scrolls
 g - a scroll of teleportation
 q - a scroll of amnesia
Potions
 e - a potion of magic {unknown}
 f - 3 potions of curing
 k - a potion of brilliance
 n - a potion of lignification
 o - 3 potions of agility {unknown}
 t - a potion of heal wounds {unknown}
Books
 c - a book of Maledictions

   Spells                             Type                      Level
   a - Corona                         Hexes                        1
   b - Ensorcelled Hibernation        Hexes/Ice                    2
   c - Confuse                        Hexes                        3
   d - Tukima's Dance                 Hexes                        3
   e - Dazzling Spray                 Conjuration/Hexes            3
 h - a book of Misfortune

   Spells                             Type                      Level
   a - Confusing Touch                Hexes                        1
   b - Confuse                        Hexes                        3
   c - Gell's Gravitas                Hexes/Translocation          3
   d - Petrify                        Transmutation/Earth          4
   e - Metabolic Englaciation         Hexes/Ice                    5
   f - Yara's Violent Unravelling     Hexes/Transmutation          5
Comestibles
 d - 3 bread rations


   Skills:
 - Level 1.1 Short Blades
 - Level 3.0 Dodging
 + Level 6.5 Stealth
 + Level 4.4 Spellcasting
 + Level 4.5 Hexes


You had one spell level left.
You knew the following spells:

 Your Spells              Type           Power        Failure   Level  Hunger
b - Ensorcelled Hibernat  Hex/Ice        ##....       12%         2    ##.....
c - Confuse               Hex            ###.....     10%         3    ###....
d - Tukima's Dance        Hex            ###.....     10%         3    ###....
s - Dazzling Spray        Conj/Hex       ##....       21%         3    ###....


Dungeon Overview and Level Annotations

Branches:
Dungeon (3/15)

Altars:

Annotations:
D:5 Eustachio


Innate Abilities, Weirdness & Mutations

You are very small and have problems with some larger weapons.
You are too small for most types of armour.
You have supernaturally acute eyesight. (SInv)
You are a herbivore.
You cover ground extremely quickly.
You need consume almost no food.


Message History

(D) Dungeon
Where to? (? - help)
You fall through a shaft for 2 floors!
The shaft crumbles and collapses.
A centaur, a phantom and Eustachio come into view.
The centaur shouts!
Found 19 gold pieces and a hunting sling.
As you read the scroll of teleportation, it crumbles to dust.
You feel strangely unstable.
The centaur wields a shortbow.
The centaur shoots an arrow.
The arrow hits you.
You see here an arrow.
The phantom blinks!
Your surroundings seem slightly different.
The centaur shoots an arrow.
The arrow hits you!
Ouch! That really hurt!
* * * LOW HITPOINT WARNING * * *
Eustachio shouts!
You see here an arrow.
The centaur shoots an arrow.
The arrow hits you.
You die...

..
#.##########
..........#
#.........#
#.........#
#.c.....).##
+......$....
#...(W....#
#..@......#
##(..@....#
##.ยง.....#
###.....#
######


You could see Eustachio, a phantom and a centaur.

Vanquished Creatures
  5 adders
  3 oozes (D:1)
  A dart slug (D:3)
  3 leopard geckos
  An orc (D:3)
  7 bats
  6 giant cockroaches
  7 goblins
  6 hobgoblins
  9 jackals
  7 kobolds
  5 frilled lizards
  14 rats
74 creatures vanquished.

Notes
Turn   | Place    | Note
-------+----------+-------------------------------------------
     0 | D:1      | Eptagon the Spriggan Enchanter began the quest for the Orb.
     0 | D:1      | Reached XP level 1. HP: 9/9 MP: 5/5
   354 | D:1      | Reached XP level 2. HP: 13/13 MP: 7/7
   358 | D:1      | Learned a level 2 spell: Ensorcelled Hibernation
   408 | D:1      | Reached skill level 5 in Stealth
   678 | D:1      | Reached XP level 3. HP: 16/16 MP: 3/9
  1591 | D:2      | Reached XP level 4. HP: 21/21 MP: 0/10
  1868 | D:2      | Reached skill level 6 in Stealth
  3105 | D:3      | Learned a level 3 spell: Confuse
  3109 | D:3      | Learned a level 3 spell: Tukima's Dance
  3113 | D:3      | Learned a level 3 spell: Dazzling Spray
  3309 | D:3      | Reached XP level 5. HP: 21/24 MP: 6/12
  3640 | D:3      | Noticed a wyvern
  3840 | D:3      | You fall through a shaft for 2 floors!
  3840 | D:5      | Entered Level 5 of the Dungeon
  3840 | D:5      | Noticed Eustachio
  3840 | D:5      | Noticed a phantom
  3840 | D:5      | Noticed a centaur
  3847 | D:5      | Shot with an arrow by a centaur

Vault maps used:
D:1:      kennysheep_arrival_seaside, serial_bayou_pond_d,
          kennysheep_pointless_box, hangedman_decor_growths,
          minmay_misc_feat_columns
D:3:      st_stairs_11, minmay_fountain_box, lightli_corner_chamber
D:5:      grunt_temple_overflow_magic_moments, first_bread, uniq_eustachio

Skill      XL: |  1  2  3  4 |
---------------+-------------+-----
Spellcasting   | 3 4 |  4.4
Stealth        | 5 6 |  6.5
Hexes          | 4 |  4.5
Short Blades   | |  1.1
Dodging        | |  3.0

Action                   |  1- 3 |  4- 6 || total
-------------------------+-------+-------++-------
Melee: Dagger            |    89 |   102 ||   191
 Cast: Corona            |    12 |       ||    12
       Ensorcelled Hiber |    22 |    33 ||    55
  Use: Scroll            |       |    11 ||    11
 Stab: Sleeping          |    21 |    32 ||    53
  Eat: Pizza             |       |     2 ||     2
Armor: Robe              |     7 |     2 ||     9
Dodge: Dodged            |    71 |    64 ||   135
